 Dungeon Crawl Stone Soup version 0.31-a0-355-g57cb03d3e8 (webtiles) character file.

Game seed: 16039069580480865685

2432 cforsyth the Prestidigitator (level 9, 0/68 HPs)
             Began as a Gnoll Artificer on July 24, 2023.
             Was an Initiate of Okawaru.
             Slain by an unseen horror (3 damage)
             ... on level 7 of the Dungeon.
             The game lasted 00:09:17 (5835 turns).

cforsyth the Prestidigitator (Gnoll Artificer)      Turns: 5835, Time: 00:09:18

Health: 0/68       AC:  7    Str: 11    XL:     9   Next: 48%
Magic:  15/15      EV: 13    Int: 15    God:    Okawaru [......]
Gold:   442        SH:  0    Dex: 13    Spells: 16/16 levels left

rFire   + . .        v - +8 hand axe of a wizard's laboratory {heavy, rPois}
rCold   . . .        (no shield)
rNeg    . . .        b - +0 leather armour
rPois   +            (no helmet)
rElec   .            w - +2 cloak {rCorr}
rCorr   +            (no gloves)
SInv    .            (no boots)
Will    .....        i - amulet of regeneration
Stlth   +++          y - ring of protection from fire
HPRegen 1.11/turn    H - ring of poison resistance
MPRegen 0.14/turn

%: no passive effects
@: studying Short Blades
A: fangs 1, strong nose, distributed training
a: Renounce Religion


You were on level 7 of the Dungeon.
You worshipped Okawaru.
Okawaru was noncommittal.
You visited 2 branches of the dungeon, and saw 8 of its levels.
You also visited: Sewer and Ossuary.

You collected 442 gold pieces.

Inventory:

Hand Weapons
 a - a +0 club
 v - the +8 hand axe of a wizard's laboratory (weapon) {heavy, rPois}
   (You found it on level 3 of the Dungeon)

   rPois:     It protects you from poison.
Missiles
 n - 3 throwing nets
Armour
 b - a +0 leather armour (worn)
 j - a +2 cloak
 w - a +2 cloak of preservation (worn)
Jewellery
 i - an amulet of regeneration (around neck)
 y - a ring of protection from fire (left hand)
 A - an amulet of reflection
 H - a ring of poison resistance (right hand)
Wands
 c - a wand of flame (15) (quivered)
 d - a wand of charming (15)
 e - a wand of iceblast (14)
Scrolls
 h - 13 scrolls of identify {unknown}
 k - 3 scrolls of immolation
 l - 3 scrolls of teleportation
 p - a scroll of revelation
 r - a scroll of acquirement {unknown}
 t - 3 scrolls of enchant armour
 u - a scroll of noise {unknown}
 x - a scroll of vulnerability {unknown}
 B - 2 scrolls of poison {unknown}
 C - a scroll of silence {unknown}
 D - a scroll of fog {unknown}
 G - a scroll of blinking {unknown}
 I - a scroll of fear
Potions
 f - 4 potions of curing
 g - 3 potions of heal wounds {unknown}
 m - 3 potions of degeneration {unknown}
 o - 3 potions of cancellation {unknown}
 q - 2 potions of might {unknown}
 s - 4 potions of haste {unknown}
 z - 2 potions of magic {unknown}
 E - a potion of lignification {unknown}
 F - a potion of enlightenment {unknown}


   Skills:
 + Level 5.1 Fighting
 + Level 5.6 Short Blades
 + Level 4.3 Long Blades
 + Level 4.3 Axes
 + Level 4.3 Maces & Flails
 + Level 4.3 Polearms
 + Level 4.3 Staves
 + Level 4.3 Ranged Weapons
 + Level 4.3 Throwing
 + Level 6.4 Armour
 + Level 5.1 Dodging
 + Level 5.0 Stealth
 + Level 4.3 Shields
 + Level 4.3 Unarmed Combat
 + Level 4.3 Spellcasting
 + Level 3.6 Conjurations
 + Level 3.6 Hexes
 + Level 3.6 Summonings
 + Level 3.6 Necromancy
 + Level 3.6 Translocations
 + Level 3.6 Transmutations
 + Level 3.6 Fire Magic
 + Level 3.6 Ice Magic
 + Level 3.6 Air Magic
 + Level 3.6 Earth Magic
 + Level 3.6 Poison Magic
 + Level 4.8 Invocations
 + Level 8.0 Evocations
 + Level 3.6 Shapeshifting


You had 16 spell levels left.
You didn't know any spells.
Your spell library contained the following spells:

 Spells                   Type           Power      Damage    Failure   Level
 Magic Dart               Conj           56%        1d5       4%          1
 Searing Ray              Conj           28%        2d5       8%          2
 Fulminant Prism          Conj/Hex       7%         3d7       45%         4


Dungeon Overview and Level Annotations

Branches:
Dungeon (7/15)             Temple (1/1) D:5           Sewer (visited)
Ossuary (visited)

Altars:
Ashenzari
Cheibriados
Elyvilon
Fedhas
Gozag
Hepliaklqana
Kikubaaqudgha
Okawaru
Qazlal
Trog
Vehumet
Xom
Yredelemnul
Zin
The Shining One


Innate Abilities, Weirdness & Mutations

You have very sharp teeth.
Your uncanny sense of smell can sniff out nearby items.
Your experience applies equally to all skills.


Message History

Something hits you. x2
There is a strange disturbance nearby!
No target in view!
No target in view!
No target in view!
No target in view!
No target in view!
No target in view!
You slash something! Your punch misses something.
Something hits you but does no damage. Something completely misses you.
Something hits you. Something hits you! Something hits you. Something hits you!
Something hits you.
You hit something. Something hits you.
You hit something but do no damage. Something hits you but does no damage.
Okay, then.
Unknown command.
You hit something but do no damage. Something hits you. x2
Something hits you.
You hit something. Something barely misses you. Something hits you.
Something hits you but does no damage. Something hits you. Something hits you!
You barely miss something. Something hits you!
Something hits you but does no damage.
You hit something. Something hits you. Something hits you but does no damage.
Something hits you. Something hits you.
You barely miss something. Something hits you. Something barely misses you.
Something hits you!
* * * LOW HITPOINT WARNING * * *
You slash something! Something hits you.
* * * LOW HITPOINT WARNING * * *
You completely miss something. Something hits you but does no damage.
You hit something but do no damage. Something hits you.
* * * LOW HITPOINT WARNING * * *
Something hits you but does no damage. Something hits you!
* * * LOW HITPOINT WARNING * * *
Something hits you.
You die...

###############
#..............
#..............
#.....{@.......
#...###########
#...#........
#...'........
##+###........
#.............
#.............
#.....########
#.....#


There were no monsters in sight!

Vanquished Creatures
  A wyvern (D:4)
  A steam dragon (D:6)
  A black bear (D:4)
  An ice beast (D:5)
  A kobold brigand (D:7)
  18 scorpions
  A centaur zombie (Ossuary)
  Crazy Yiuf (D:3)
  2 orc priests
  6 jellies
  3 scorpion zombies (Ossuary)
  A sleepcap (D:5)
  3 iguanas
  An orc wizard (D:3)
  3 mummies (Ossuary)
  3 gnolls (D:5)
  8 adders
  A river rat (Sewer)
  2 shadow imps (D:5)
  A white imp (D:6)
  4 worms
  4 dart slugs
  18 orcs
  12 ball pythons
  16 endoplasms
  8 giant cockroaches
  6 gnoll zombies (Ossuary)
  6 goblins
  5 hobgoblins
  7 jackals
  3 quokkas
  4 bats
  9 frilled lizards
  A goblin zombie (Ossuary)
  3 hobgoblin zombies (Ossuary)
  10 kobolds
  3 kobold zombies (Ossuary)
  8 rats
186 creatures vanquished.

Notes
Turn   | Place    | Note
-------+----------+-------------------------------------------
     0 | D:1      | cforsyth the Gnoll Artificer began the quest for the Orb.
     0 | D:1      | Reached XP level 1. HP: 17/17 MP: 1/1
   303 | D:1      | Reached XP level 2. HP: 23/23 MP: 2/2
   952 | D:1      | Reached XP level 3. HP: 28/28 MP: 3/3
  1546 | D:2      | Reached skill level 1 in Invocations
  1601 | D:2      | Reached skill level 1 in Short Blades
  1601 | D:2      | Reached skill level 1 in Long Blades
  1601 | D:2      | Reached skill level 1 in Axes
  1601 | D:2      | Reached skill level 1 in Maces & Flails
  1601 | D:2      | Reached skill level 1 in Polearms
  1601 | D:2      | Reached skill level 1 in Staves
  1601 | D:2      | Reached skill level 1 in Ranged Weapons
  1601 | D:2      | Reached skill level 1 in Throwing
  1601 | D:2      | Reached skill level 1 in Shields
  1601 | D:2      | Reached skill level 1 in Unarmed Combat
  1601 | D:2      | Reached skill level 1 in Spellcasting
  1701 | D:2      | Reached XP level 4. HP: 29/34 MP: 5/5
  1913 | D:2      | Reached skill level 1 in Conjurations
  1913 | D:2      | Reached skill level 1 in Hexes
  1913 | D:2      | Reached skill level 1 in Summonings
  1913 | D:2      | Reached skill level 1 in Necromancy
  1913 | D:2      | Reached skill level 1 in Translocations
  1913 | D:2      | Reached skill level 1 in Transmutations
  1913 | D:2      | Reached skill level 1 in Fire Magic
  1913 | D:2      | Reached skill level 1 in Ice Magic
  1913 | D:2      | Reached skill level 1 in Air Magic
  1913 | D:2      | Reached skill level 1 in Earth Magic
  1913 | D:2      | Reached skill level 1 in Poison Magic
  1913 | D:2      | Reached skill level 1 in Shapeshifting
  2295 | D:3      | Found a runed translucent door.
  2296 | D:3      | Noticed Crazy Yiuf
  2643 | D:3      | Reached XP level 5. HP: 40/40 MP: 5/7
  2713 | D:3      | Identified the +8 hand axe of a wizard's laboratory {heavy,
                  | rPois}
  2893 | D:3      | Killed Crazy Yiuf
  2977 | D:4      | Reached XP level 6. HP: 47/47 MP: 8/8
  2977 | D:4      | Noticed a black bear
  2988 | D:4      | Killed a black bear
  2989 | D:4      | Reached skill level 5 in Armour
  3108 | D:4      | Reached XP level 7. HP: 44/52 MP: 10/10
  3253 | D:4      | Reached skill level 7 in Evocations
  3330 | D:4      | Noticed a wyvern
  3336 | D:4      | Killed a wyvern
  4003 | D:5      | Entered Level 5 of the Dungeon
  4033 | D:5      | Found a sand-covered staircase.
  4049 | Ossuary  | Entered an ossuary
  4062 | Ossuary  | Reached XP level 8. HP: 58/60 MP: 12/12
  4245 | Ossuary  | Reached XP level 9. HP: 65/66 MP: 14/14
  4363 | D:5      | Found a glowing drain.
  4374 | Sewer    | Entered a sewer
  4486 | Sewer    | Found a viscous altar of Jiyva.
  4495 | Sewer    | Reached skill level 5 in Short Blades
  4887 | D:5      | Reached skill level 5 in Fighting
  4887 | D:5      | Reached skill level 5 in Dodging
  4978 | D:5      | Found a faded altar of an unknown god.
  4980 | D:5      | Found a staircase to the Ecumenical Temple.
  4994 | Temple   | Entered the Ecumenical Temple
  5001 | Temple   | Became a worshipper of Warmaster Okawaru
  5501 | D:6      | Reached skill level 5 in Stealth
  5679 | D:6      | You fall into a shaft and drop 1 floor!
  5699 | D:7      | Reached skill level 8 in Evocations
  5835 | D:7      | HP: 3/68 [something (7)]
  5835 | D:7      | Slain by an unseen horror

Illustrated notes

Levels and vault maps discovered:
D:1:      minmay_arrival_loop, layout_basic, grunt_decor_one_mirror,
          chequers_serial_rivers_room_a, minmay_hedge_maze
D:2:      layout_rooms, hangedman_decor_points, grunt_ministairs_9,
          minmay_distorted
D:3:      cheibrodos_pilgrimage, layout_rooms,
          hangedman_abyss_or_decor_lesser_grid, uniq_crazy_yiuf_cottage
D:4:      layout_basic, roderic_st_hans_cross, minmay_manual_mess
D:5:      layout_loops_corners, nicolae_temple_entry_ecumenical,
          enter_ossuary_1, cheibrodos_sewer_entry_sluice
D:6:      layout_loops_cross
D:7:      layout_gridville, gammafunk_temple_overflow_wave, st_stairs_5
Temple:   nicolae_temple_no_exploring_needed

Skill      XL: |  1  2  3  4  5  6  7  8  9 |
---------------+----------------------------+-----
Invocations    | 1 2 3 4 |  4.8
Short Blades   | 1 2 3 4 5 |  5.6
Long Blades    | 1 2 3 4 |  4.3
Axes           | 1 2 3 4 |  4.3
Maces & Flails | 1 2 3 4 |  4.3
Polearms       | 1 2 3 4 |  4.3
Staves         | 1 2 3 4 |  4.3
Ranged Weapons | 1 2 3 4 |  4.3
Throwing       | 1 2 3 4 |  4.3
Shields        | 1 2 3 4 |  4.3
Unarmed Combat | 1 2 3 4 |  4.3
Spellcasting   | 1 2 3 4 |  4.3
Conjurations   | 1 2 3 |  3.6
Hexes          | 1 2 3 |  3.6
Summonings     | 1 2 3 |  3.6
Necromancy     | 1 2 3 |  3.6
Translocations | 1 2 3 |  3.6
Transmutations | 1 2 3 |  3.6
Fire Magic     | 1 2 3 |  3.6
Ice Magic      | 1 2 3 |  3.6
Air Magic      | 1 2 3 |  3.6
Earth Magic    | 1 2 3 |  3.6
Poison Magic   | 1 2 3 |  3.6
Shapeshifting  | 1 2 3 |  3.6
Fighting       | 3 4 5 |  5.1
Dodging        | 3 4 5 |  5.1
Stealth        | 3 4 5 |  5.0
Armour         | 5 6 |  6.4
Evocations     | 7 8 |  8.0

Action                     |  1- 3 |  4- 6 |  7- 9 || total
---------------------------+-------+-------+-------++-------
  Melee: Club              |   167 |   131 |       ||   298
         Bite              |    11 |    15 |    23 ||    49
         Punch             |     1 |     3 |     5 ||     9
         Hand axe          |       |    43 |   239 ||   282
    Use: Scroll            |       |       |     5 ||     5
         Potion            |       |       |     1 ||     1
   Stab: Sleeping          |     8 |     2 |    12 ||    22
 Armour: Leather armour    |    78 |   106 |   108 ||   292
  Dodge: Dodged            |   118 |   184 |   196 ||   498

Table legend: (Time is in decaauts)
 A = Elapsed time spent in this place.
 B = Non-inter-level travel time spent in this place.
 C = Inter-level travel time spent in this place.
 D = Time resting spent in this place.
 E = Time spent auto-exploring this place.
 F = Levels seen in this place.
 G = Mean time per level.
                   A        B        C        D        E       F      G
               +--------+--------+--------+--------+--------+-----+--------+
         Total |   6135 |   5978 |    157 |    295 |   3919 |  10 |  613.5 |
       Dungeon |   5516 |   5366 |    150 |    295 |   3821 |   7 |  788.0 |
        Temple |     14 |      7 |      7 |      0 |      0 |   1 |   14.0 |
         Sewer |    258 |    258 |      0 |      0 |     98 |   1 |  258.0 |
       Ossuary |    345 |    345 |      0 |      0 |      0 |   1 |  345.0 |
               +--------+--------+--------+--------+--------+-----+--------+

Top non-repeatable levels by time:
     D:1: 1493 daAuts
     D:4: 1103 daAuts
     D:5: 993 daAuts
     D:3: 806 daAuts
     D:2: 743 daAuts
 Ossuary: 345 daAuts
   Sewer: 258 daAuts
     D:6: 208 daAuts
     D:7: 167 daAuts
  Temple: 14 daAuts
